Cogmind - Beta 16 @@@ ROGUE MODE // 2026.01.26 @ 19:18:22 Player: Artackni Result: Destroyed by G-50 Soldier with Heavy Laser Performance ------------- Evolutions (5) 2500 Regions Visited (11) 2200 Robots Destroyed (0) 0 Value Destroyed (0) 0 Prototype IDs (0) 0 Alien Tech Used (0) 0 Bonus (2587) 2587 TOTAL SCORE: 7287 Bonus ------- Pacifist 1787 Entered DSFs 500 Aligned with FarCom 300 Cogmind --------- Core Integrity 0/1000 Matter 263/300 Energy 99/100 System Corruption 2% Temperature Cool (27) Movement Core (50) Location -5/Factory Parts ------- > --- POWER (11) ------- (None) > --- PROPULSION (2) --- (None) > --- UTILITY (2) ------ (None) > --- WEAPON (2) ------- (None) > --- INVENTORY (5) ---- (None) Peak State ------------ None Favorites ----------- Power None Propulsion None Utility None Weapon None Build | -11 -10 -10 -10 -9 -8 -7 -7 -7 -6 -6 -5 ------- Run | Yrd Mat Min Exi Min Mat Fac Was Fac Fac DSF Fac Slots Evolved 10 | . . . . . 4 2 . . 2 . 2 Power 10 | . . . . . 4 2 . . 2 . 2 Propulsion . | . . . . . . . . . . . . Utility . | . . . . . . . . . . . . Weapon . | . . . . . . . . . . . . Parts Attached . | . . . . . . . . . . . . Power . | . . . . . . . . . . . . Engine . | . . . . . . . . . . . . Core . | . . . . . . . . . . . . Reactor . | . . . . . . . . . . . . Propulsion . | . . . . . . . . . . . . Treads . | . . . . . . . . . . . . Leg . | . . . . . . . . . . . . Wheel . | . . . . . . . . . . . . Hover . | . . . . . . . . . . . . Flight . | . . . . . . . . . . . . Utility . | . . . . . . . . . . . . Device . | . . . . . . . . . . . . Storage . | . . . . . . . . . . . . Processor . | . . . . . . . . . . . . Hackware . | . . . . . . . . . . . . Protection . | . . . . . . . . . . . . Artifact . | . . . . . . . . . . . . Weapon . | . . . . . . . . . . . . Energy Gun . | . . . . . . . . . . . . Energy Cannon . | . . . . . . . . . . . . Ballistic Gun . | . . . . . . . . . . . . Ballistic Cannon . | . . . . . . . . . . . . Launcher . | . . . . . . . . . . . . Special Weapon . | . . . . . . . . . . . . Impact Weapon . | . . . . . . . . . . . . Slashing Weapon . | . . . . . . . . . . . . Piercing Weapon . | . . . . . . . . . . . . Special Melee Weapon . | . . . . . . . . . . . . Unidentified Prototypes . | . . . . . . . . . . . . Parts Lost . | . . . . . . . . . . . . Power . | . . . . . . . . . . . . Propulsion . | . . . . . . . . . . . . Utility . | . . . . . . . . . . . . Weapon . | . . . . . . . . . . . . Highest Loss Streak . | . . . . . . . . . . . . To Critical Strikes . | . . . . . . . . . . . . Average Backups . | . . . . . . . . . . . . Power . | . . . . . . . . . . . . Propulsion . | . . . . . . . . . . . . Utility . | . . . . . . . . . . . . Weapon . | . . . . . . . . . . . . Tool/Special . | . . . . . . . . . . . . Unused Backups . | . . . . . . . . . . . . Power . | . . . . . . . . . . . . Propulsion . | . . . . . . . . . . . . Utility . | . . . . . . . . . . . . Weapon . | . . . . . . . . . . . . Tool/Special . | . . . . . . . . . . . . Average Slot Usage (%) . | . . . . . . . . . . . . Peak Build Rating . | . . . . . . . . . . . . Average Rating . | . . . . . . . . . . . . On Entrance . | . . . . . . . . . . . . Avg Prop Armor Cover (%) . | . . . . . . . . . . . . Naked Turns 992 | . 55 221 83 78 37 10 33 84 52 27 312 Heaviest Build . | . . . . . . . . . . . . Greatest Support 3 | 3 3 3 3 3 3 3 3 3 3 3 3 Greatest Overweight (x) . | . . . . . . . . . . . . Average Overweight (x) . | . . . . . . . . . . . . Largest Inventory Capacity 5 | 5 5 5 5 5 5 5 5 5 5 5 5 Average Capacity 5 | 5 5 5 5 5 5 5 5 5 5 5 5 Most Carried . | . . . . . . . . . . . . Average Carried . | . . . . . . . . . . . . Final Capacity 5 | 5 5 5 5 5 5 5 5 5 5 5 5 Final Carried . | . . . . . . . . . . . . Class Distribution -------------------- 100% | Mutant Dominant Class ---------------- Mutant | -10/Materials Mutant | -10/Mines Mutant | -10/Exiles Mutant | -9/Mines Mutant | -8/Materials Mutant | -7/Factory Mutant | -7/Waste Mutant | -7/Factory Mutant | -6/Factory Mutant | -6/DSF Mutant | -5/Factory Resources | -11 -10 -10 -10 -9 -8 -7 -7 -7 -6 -6 -5 ----------- Run | Yrd Mat Min Exi Min Mat Fac Was Fac Fac DSF Fac Matter Collected 168 | 70 . . . 66 . . . . . 10 22 Remotely . | . . . . . . . . . . . . Salvage Created . | . . . . . . . . . . . . Parts . | . . . . . . . . . . . . Haulers Intercepted . | . . . . . . . . . . . . Recyclers Shooed . | . . . . . . . . . . . . Parts Field Recycled . | . . . . . . . . . . . . Retrieved Matter . | . . . . . . . . . . . . Parts Self-Destructed . | . . . . . . . . . . . . Prevented . | . . . . . . . . . . . . Parts Restored . | . . . . . . . . . . . . Kills | -11 -10 -10 -10 -9 -8 -7 -7 -7 -6 -6 -5 ------- Run | Yrd Mat Min Exi Min Mat Fac Was Fac Fac DSF Fac Combat Hostiles Destroyed . | . . . . . . . . . . . . Classes Destroyed . | . . . . . . . . . . . . Best Kill Streak . | . . . . . . . . . . . . Combat Bots Only . | . . . . . . . . . . . . Max Kills in Single Turn . | . . . . . . . . . . . . Gunslinging . | . . . . . . . . . . . . Exploded . | . . . . . . . . . . . . Melee . | . . . . . . . . . . . . Uniques/NPCs Destroyed . | . . . . . . . . . . . . Combat | -11 -10 -10 -10 -9 -8 -7 -7 -7 -6 -6 -5 -------- Run | Yrd Mat Min Exi Min Mat Fac Was Fac Fac DSF Fac Hostile Shots Fired 129 | . 1 12 . 2 . . 2 . . 6 106 Missed 56 | . 1 5 . 1 . . 1 . . . 48 Hits 73 | . . 7 . 1 . . 1 . . 6 58 Melee 2 | . . . . . . . 1 . . . 1 Projectile 71 | . . 7 . 1 . . . . . 6 57 AOE 1 | . . . . 1 . . . . . . . Critical Strikes 5 | . . . . . . . 1 . . 1 3 Damage Taken 1604 | . . 83 . 44 98 . 44 . . 331 1004 Core 1604 | . . 83 . 44 98 . 44 . . 331 1004 Absorbed by Shields . | . . . . . . . . . . . . Core Remaining (%) 77 | 100 . . . 49 82 . . 93 . 61 . Volleys Fired . | . . . . . . . . . . . . Largest . | . . . . . . . . . . . . Hottest . | . . . . . . . . . . . . Shots Fired . | . . . . . . . . . . . . Gun . | . . . . . . . . . . . . Cannon . | . . . . . . . . . . . . Launcher . | . . . . . . . . . . . . Special . | . . . . . . . . . . . . Kinetic . | . . . . . . . . . . . . Thermal . | . . . . . . . . . . . . Explosive . | . . . . . . . . . . . . Electromagnetic . | . . . . . . . . . . . . Robot Hit Streak . | . . . . . . . . . . . . Robot Miss Streak . | . . . . . . . . . . . . Penetration Max . | . . . . . . . . . . . . Secondary Targets . | . . . . . . . . . . . . Shots Hit Robots . | . . . . . . . . . . . . Core Hits . | . . . . . . . . . . . . Critical Kills . | . . . . . . . . . . . . Critical Parts Destroyed . | . . . . . . . . . . . . Critical Strikes . | . . . . . . . . . . . . Melee Attacks . | . . . . . . . . . . . . Impact . | . . . . . . . . . . . . Slashing . | . . . . . . . . . . . . Piercing . | . . . . . . . . . . . . Sneak Attacks . | . . . . . . . . . . . . Combat Hostiles . | . . . . . . . . . . . . Follow-up Attacks . | . . . . . . . . . . . . Damage Inflicted 22 | . . . . 16 . . . . . . 6 Guns . | . . . . . . . . . . . . Cannons . | . . . . . . . . . . . . Explosions . | . . . . . . . . . . . . Melee . | . . . . . . . . . . . . Ramming 22 | . . . . 16 . . . . . . 6 Kinetic . | . . . . . . . . . . . . Thermal . | . . . . . . . . . . . . Explosive . | . . . . . . . . . . . . Electromagnetic . | . . . . . . . . . . . . Impact . | . . . . . . . . . . . . Slashing . | . . . . . . . . . . . . Piercing . | . . . . . . . . . . . . Highest Corruption 9 | . 2 2 2 2 . . 9 9 . . 2 Average Corruption 3 | . 2 2 2 2 . . 9 9 . . 2 Corruption Purged . | . . . . . . . . . . . . Corruption Blocked . | . . . . . . . . . . . . Effects 10 | . . 4 2 . . . . 3 . . 1 Message Errors 3 | . . . . . . . . 2 . . 1 Matter Fused 2 | . . . 2 . . . . . . . . Heat Flow Errors 2 | . . 2 . . . . . . . . . Energy Discharges 2 | . . 1 . . . . . 1 . . . Data Loss (major) 1 | . . 1 . . . . . . . . . Overload Shots . | . . . . . . . . . . . . Overflow Damage . | . . . . . . . . . . . . Projectiles . | . . . . . . . . . . . . Explosions . | . . . . . . . . . . . . Melee . | . . . . . . . . . . . . Knockbacks . | . . . . . . . . . . . . Impact . | . . . . . . . . . . . . Kinetic . | . . . . . . . . . . . . Secondary . | . . . . . . . . . . . . Self-Inflicted Damage 10 | . . . . 8 . . . . . . 2 Shots . | . . . . . . . . . . . . Rammed 3 | . . . . 1 . . . . . . 2 Targets Rammed 3 | . . . . 1 . . . . . . 2 Kicked . | . . . . . . . . . . . . Crushed . | . . . . . . . . . . . . Highest Temperature 185 | . . 185 . . 5 . . . . . . Average Temperature 81 | . . 87 . . 5 . . . . . . Received Heat Transfer 180 | . . 45 . . 36 . . . . . 99 Siege Activations . | . . . . . . . . . . . . Martial Activations . | . . . . . . . . . . . . Shielding Activations . | . . . . . . . . . . . . Robots Disrupted . | . . . . . . . . . . . . Combat Hostiles . | . . . . . . . . . . . . Robots Corrupted . | . . . . . . . . . . . . Combat Hostiles . | . . . . . . . . . . . . Parts Fried . | . . . . . . . . . . . . Impact Corruptions . | . . . . . . . . . . . . Robots Melted . | . . . . . . . . . . . . Combat Hostiles . | . . . . . . . . . . . . Parts Melted . | . . . . . . . . . . . . Heat Transferred . | . . . . . . . . . . . . Parts Sabotaged . | . . . . . . . . . . . . Parts Stolen . | . . . . . . . . . . . . Parts Stripped . | . . . . . . . . . . . . Power Chain Reactions . | . . . . . . . . . . . . Alert | -11 -10 -10 -10 -9 -8 -7 -7 -7 -6 -6 -5 ------- Run | Yrd Mat Min Exi Min Mat Fac Was Fac Fac DSF Fac Maximum Alert Level 1 | . . . . . . . . . . . 1 Low Security (%) 90 | 100 100 100 . 100 100 100 100 100 100 100 73 Level 1 9 | . . . . . . . . . . . 26 Level 2 . | . . . . . . . . . . . . Level 3 . | . . . . . . . . . . . . Level 4 . | . . . . . . . . . . . . Level 5 . | . . . . . . . . . . . . High Security . | . . . . . . . . . . . . Max Security . | . . . . . . . . . . . . Peak Influence 220 | . . 30 . . . . . . . 3 220 Initial 3 | . . . . . . . . . . 3 1 Average 47 | . . 7 . . . . . . . 3 134 Influence Increases 415 | . . 75 . . . . . . 5 . 335 Successful Hack 5 | . . . . . . . . . 5 . . Select Force Hacks 50 | . . . . . . . . . . . 50 Lose Combat Pursuer 360 | . . 75 . . . . . . . . 285 Influence Decreases 310 | . . 75 . . . . . . . 2 233 Entered New Map 4 | . . . . . . . . . . 2 2 Time Decay 206 | . . 75 . . . . . . . . 131 Search Patrol Dispatched 100 | . . . . . . . . . . . 100 Squads Dispatched 7 | . 1 . . . 2 . . . . . 4 Investigation 3 | . . . . . 1 . . . . . 2 Extermination 1 | . . . . . . . . . . . 1 Reinforcement 3 | . 1 . . . 1 . . . . . 1 Assault . | . . . . . . . . . . . . Garrison . | . . . . . . . . . . . . Intercept . | . . . . . . . . . . . . Searches Triggered 1 | . . . . . . . . . . . 1 Construction Impeded . | . . . . . . . . . . . . Haulers Reinforced . | . . . . . . . . . . . . Active Scanning Responses . | . . . . . . . . . . . . Cargo Convoy Interrupts . | . . . . . . . . . . . . Stealth | -11 -10 -10 -10 -9 -8 -7 -7 -7 -6 -6 -5 --------- Run | Yrd Mat Min Exi Min Mat Fac Was Fac Fac DSF Fac Distress Signals . | . . . . . . . . . . . . Communications Jammed . | . . . . . . . . . . . . Distress Signals . | . . . . . . . . . . . . Times Spotted 56 | . 5 5 . 2 2 . 6 1 . 1 34 Peak Tracking Total 9 | . 4 2 . 4 1 . 6 2 . 1 9 Tactical Retreats 13 | . . 3 . 1 . . . . . . 9 Traps | -11 -10 -10 -10 -9 -8 -7 -7 -7 -6 -6 -5 ------- Run | Yrd Mat Min Exi Min Mat Fac Was Fac Fac DSF Fac Traps Triggered 4 | . 1 . . . 1 1 . . . . 1 Indirectly . | . . . . . . . . . . . . Trap Hack Attempts . | . . . . . . . . . . . . Triggered . | . . . . . . . . . . . . Disarmed . | . . . . . . . . . . . . Reprogrammed . | . . . . . . . . . . . . Reused . | . . . . . . . . . . . . Traps Extracted . | . . . . . . . . . . . . Installed . | . . . . . . . . . . . . Triggered . | . . . . . . . . . . . . Machines | -11 -10 -10 -10 -9 -8 -7 -7 -7 -6 -6 -5 ---------- Run | Yrd Mat Min Exi Min Mat Fac Was Fac Fac DSF Fac Machines Disabled . | . . . . . . . . . . . . Max in Single Turn . | . . . . . . . . . . . . Machines Repaired . | . . . . . . . . . . . . Machines Dismantled . | . . . . . . . . . . . . Machines Sabotaged . | . . . . . . . . . . . . Overloaded Fab Kills 3 | . . . . . . . . . . . 3 Hacking | -11 -10 -10 -10 -9 -8 -7 -7 -7 -6 -6 -5 --------- Run | Yrd Mat Min Exi Min Mat Fac Was Fac Fac DSF Fac Machines Accessed 5 | . . . . . . . . 1 1 . 3 Terminals 4 | . . . . . . . . 1 1 . 2 Fabricators 1 | . . . . . . . . . . . 1 Repair Stations . | . . . . . . . . . . . . Recycling Units . | . . . . . . . . . . . . Scanalyzers . | . . . . . . . . . . . . Garrison Access . | . . . . . . . . . . . . Total Hacks 10 | . . . . . . . . 2 2 . 6 Successful 3 | . . . . . . . . 1 1 . 1 Failed 7 | . . . . . . . . 1 1 . 5 Catastrophic 2 | . . . . . . . . . . . 2 Database Lockouts . | . . . . . . . . . . . . Manual 8 | . . . . . . . . 2 . . 6 Terminals 8 | . . . . . . . . 2 2 . 4 Fabricators 2 | . . . . . . . . . . . 2 Repair Stations . | . . . . . . . . . . . . Recycling Units . | . . . . . . . . . . . . Scanalyzers . | . . . . . . . . . . . . Garrison Access . | . . . . . . . . . . . . Terminal Hacks 1 | . . . . . . . . . 1 . . Open DSF 1 | . . . . . . . . . 1 . . Fabricator Hacks . | . . . . . . . . . . . . Repair Station Hacks . | . . . . . . . . . . . . Recycling Unit Hacks . | . . . . . . . . . . . . Scanalyzer . | . . . . . . . . . . . . Garrison Access Hacks . | . . . . . . . . . . . . Unauthorized Hacks 2 | . . . . . . . . 1 . . 1 Terminals 1 | . . . . . . . . 1 . . . Botnet 1 | . . . . . . . . 1 . . . Fabricators 1 | . . . . . . . . . . . 1 Overload 1 | . . . . . . . . . . . 1 Repair Stations . | . . . . . . . . . . . . Recycling Units . | . . . . . . . . . . . . Scanalyzers . | . . . . . . . . . . . . Garrison Access . | . . . . . . . . . . . . Data Cores Recovered . | . . . . . . . . . . . . Used . | . . . . . . . . . . . . Hacking Detections 2 | . . . . . . . . . . . 2 Full Trace Events 1 | . . . . . . . . . . . 1 Feedback Events . | . . . . . . . . . . . . Feedback Blocked . | . . . . . . . . . . . . Robot Schematics Acquired . | . . . . . . . . . . . . Robots Built . | . . . . . . . . . . . . Authchips . | . . . . . . . . . . . . Time . | . . . . . . . . . . . . Total Robot Build Rating . | . . . . . . . . . . . . Part Schematics Acquired . | . . . . . . . . . . . . Parts Built . | . . . . . . . . . . . . Authchips . | . . . . . . . . . . . . Time . | . . . . . . . . . . . . Total Part Build Rating . | . . . . . . . . . . . . Part Studies Acquired . | . . . . . . . . . . . . Parts Repaired . | . . . . . . . . . . . . Time . | . . . . . . . . . . . . Parts Recycled . | . . . . . . . . . . . . Recycled Matter . | . . . . . . . . . . . . Retrieved Matter . | . . . . . . . . . . . . Retrieved Components . | . . . . . . . . . . . . Parts Scanalyzed . | . . . . . . . . . . . . Part Schematics Acquired . | . . . . . . . . . . . . Parts Damaged . | . . . . . . . . . . . . Bothacking | -11 -10 -10 -10 -9 -8 -7 -7 -7 -6 -6 -5 ------------ Run | Yrd Mat Min Exi Min Mat Fac Was Fac Fac DSF Fac Used RIF Installer . | . . . . . . . . . . . . Robots Hacked . | . . . . . . . . . . . . Non-combat . | . . . . . . . . . . . . Combat . | . . . . . . . . . . . . Robot Hacks Applied . | . . . . . . . . . . . . Relay Couplers Released . | . . . . . . . . . . . . Fabnet Peak Effective % . | . . . . . . . . . . . . Robots Rewired . | . . . . . . . . . . . . Allies Hacked . | . . . . . . . . . . . . Hacks Repelled . | . . . . . . . . . . . . Allies | -11 -10 -10 -10 -9 -8 -7 -7 -7 -6 -6 -5 -------- Run | Yrd Mat Min Exi Min Mat Fac Was Fac Fac DSF Fac Total Allies 1 | . . 1 . . . . . . . . . Largest Group 1 | . . 1 . . . . . . . . . Highest-Rated Group 31 | . . 31 . . . . . . . . . Highest-Rated Ally 31 | . . 31 . . . . . . . . . Total Orders . | . . . . . . . . . . . . Ally Attacks . | . . . . . . . . . . . . Total Damage . | . . . . . . . . . . . . Kills . | . . . . . . . . . . . . Allies Corrupted . | . . . . . . . . . . . . Allies Melted . | . . . . . . . . . . . . Intel | -11 -10 -10 -10 -9 -8 -7 -7 -7 -6 -6 -5 ------- Run | Yrd Mat Min Exi Min Mat Fac Was Fac Fac DSF Fac Active Infowar (turns) . | . . . . . . . . . . . . Robot Analysis Total . | . . . . . . . . . . . . Derelict Logs Recovered 4 | . . 3 . 1 . . . . . . . Drone Launches . | . . . . . . . . . . . . Drone Recoveries . | . . . . . . . . . . . . Exploration | -11 -10 -10 -10 -9 -8 -7 -7 -7 -6 -6 -5 ------------- Run | Yrd Mat Min Exi Min Mat Fac Was Fac Fac DSF Fac Turns Passed 1001 | 9 55 221 83 78 37 10 33 84 52 27 312 Spaces Moved 1960 | 18 110 415 166 154 73 20 66 168 103 54 613 Core 1960 | 18 110 415 166 154 73 20 66 168 103 54 613 Treads . | . . . . . . . . . . . . Legs . | . . . . . . . . . . . . Wheels . | . . . . . . . . . . . . Hover . | . . . . . . . . . . . . Flight . | . . . . . . . . . . . . Fastest Speed 50 | 50 50 50 50 50 50 50 50 50 50 50 50 Average Speed 50 | 50 50 50 50 50 50 50 50 50 50 50 50 Slowest Speed 50 | 50 50 50 50 50 50 50 50 50 50 50 50 Overloaded Moves . | . . . . . . . . . . . . Propulsion Burnouts . | . . . . . . . . . . . . Robots Hopped . | . . . . . . . . . . . . Potential Cave-ins . | . . . . . . . . . . . . Cave-ins Triggered . | . . . . . . . . . . . . Exploration Rate (%) 34 | 4 34 92 56 49 11 1 68 8 4 67 19 Regions Visited 11 Branch Regions 3 Pre-discovered Areas . | . . . . . . . . . . . . Known Exits Taken 2 | . . . . . 1 . . . 1 . . Unknown Exits Taken 6 | 1 1 1 1 1 . . . 1 . . . Scrap Searched 2 | . . 1 . 1 . . . . . . . Spaces Dug . | . . . . . . . . . . . . Terrain Destroyed . | . . . . . . . . . . . . Melee . | . . . . . . . . . . . . Projectile . | . . . . . . . . . . . . AOE . | . . . . . . . . . . . . Terrain Rammed . | . . . . . . . . . . . . Walls Destroyed . | . . . . . . . . . . . . Machines Disabled . | . . . . . . . . . . . . Actions | -11 -10 -10 -10 -9 -8 -7 -7 -7 -6 -6 -5 --------- Run | Yrd Mat Min Exi Min Mat Fac Was Fac Fac DSF Fac Total 1969 | 17 109 427 165 154 72 20 65 167 102 53 618 Wait 16 | . . 13 . . . . . . . . 3 Move 1950 | 17 109 414 165 153 72 20 65 167 102 53 613 Hop . | . . . . . . . . . . . . Pick Up . | . . . . . . . . . . . . Fast Attach . | . . . . . . . . . . . . Attach . | . . . . . . . . . . . . Detach . | . . . . . . . . . . . . Swap . | . . . . . . . . . . . . Drop . | . . . . . . . . . . . . Fire . | . . . . . . . . . . . . Melee . | . . . . . . . . . . . . Ram 3 | . . . . 1 . . . . . . 2 Kick . | . . . . . . . . . . . . Crush . | . . . . . . . . . . . . Escape Stasis . | . . . . . . . . . . . . Rewire . | . . . . . . . . . . . . Trap . | . . . . . . . . . . . . Miscellaneous . | . . . . . . . . . . . . Route ------- -11/Scrapyard -10/Materials -10/Mines (discovered 3 exits: [*Mat x2] / [*Exi]) -10/Exiles -9/Mines -8/Materials (discovered 3 exits: *Fac x3) -7/Factory -7/Waste -7/Factory -6/Factory -6/DSF -5/Factory History --------- Turn | Location | Event 4 | -11/Scrapyard | Discovered new exit (range 14) 10 | -11/Scrapyard | Entered Materials 59 | -10/Materials | Discovered new exit (range 14) 65 | -10/Materials | Entered Mines 109 | -10/Mines | Discovered new exit (range 7) 170 | -10/Mines | Learned Materials security intel 178 | -10/Mines | Discovered new exit (range 5) 228 | -10/Mines | Met a Derelict bent on vengeance 269 | -10/Mines | Received a Mining Laser from a helpful Derelict 282 | -10/Mines | Found DCF Scrap (10 items) 284 | -10/Mines | Deemed a non-threat by the Exiles lab entrance 284 | -10/Mines | Discovered new exit (range 5) 286 | -10/Mines | Entered Exiles 299 | -10/Exiles | Met 8R-AWN 305 | -10/Exiles | Build established: Mutant 308 | -10/Exiles | Met EX-HEX 323 | -10/Exiles | Met EX-BIN 333 | -10/Exiles | Aligned with FarCom system 334 | -10/Exiles | Given EX-Vault access code 347 | -10/Exiles | Met EX-DEC 365 | -10/Exiles | Discovered new exit (range 10) 369 | -10/Exiles | Entered Mines 382 | -9/Mines | Learned 8 Materials zone layouts 386 | -9/Mines | Assembled infested the area 440 | -9/Mines | Discovered new exit (range 14) 443 | -9/Mines | Core integrity fell below 50% 447 | -9/Mines | Entered Materials 447 | -8/Materials | Evolved 4 slots: Power x4 448 | -8/Materials | Identified exit to Factory 476 | -8/Materials | Met 7R-MNS 484 | -8/Materials | Entered Factory 484 | -7/Factory | Evolved 2 slots: Power x2 494 | -7/Factory | Sucked down chute 494 | -7/Factory | Entered Waste 498 | -7/Waste | Spotted C-40 Crusher 505 | -7/Waste | Spotted C-40 Crusher 506 | -7/Waste | Spotted C-40 Crusher 509 | -7/Waste | EMP discharged 515 | -7/Waste | Spotted C-40 Crusher 517 | -7/Waste | Spotted C-40 Crusher 518 | -7/Waste | Discovered new exit (range 16) 522 | -7/Waste | Spotted C-40 Crusher 527 | -7/Waste | Entered Factory 609 | -7/Factory | Discovered new exit (range 5) 611 | -7/Factory | Entered another Factory area 611 | -6/Factory | Evolved 2 slots: Power x2 663 | -6/Factory | Identified exit to DSF 663 | -6/Factory | Entered DSF 683 | -6/DSF | Additional patrols routed to DSF 684 | -6/DSF | Discovered new exit (range 14) 690 | -6/DSF | Entered Factory 690 | -5/Factory | Evolved 2 slots: Power x2 776 | -5/Factory | Core integrity fell below 50% 920 | -5/Factory | Core integrity fell below 20% 990 | -5/Factory | Search patrols dispatched 1002 | -5/Factory | Destroyed by G-50 Soldier with Heavy Laser Last Messages --------------- 00845_ Slug penetrates Wall. 00852_ Penetrated by Slug. 00870_ K-01 Serf cleans the Pressure Siphon. 00896_ ALERT: Potential suspicious activity detected, Programmers report to Factory Zone 2S. 00910_ K-01 Serf cleans the Garrison Access. 00919_ Slug penetrates Wall. 00928_ K-01 Serf cleans the Neutrino Reactor. 00935_ O-24 Administrator: "IFF HANDSHAKE FAILED. SECURING TERMINAL." 00935_ K-01 Serf cleans the Neutrino Reactor. 00943_ ALERT: Hostiles spotted, dispatching reinforcements to Terminal F011. 00962_ Connecting with Terminal... 00989_ Slug penetrates Wall. 00990_ ALERT: Heightened foreign activity detected, multiple search patrols dispatched. 00991_ Penetrated by Slug. 00991_ Slug penetrates Wall. 01000_ #CLBZO